 Dungeon Crawl Stone Soup version 0.25-a0-701-gb30f108f01 (webtiles) character file.

Game seed: 5217498527489074887, levelgen mode: deterministic

224666 Maedhros the Unseen (level 19, -6/166 HPs)
             Began as an Octopode Artificer on Apr 3, 2020.
             Was the Champion of Fedhas.
             Killed from afar by a deep elf high priest (34 damage)
             ... with damnation
             ... on level 3 of the Elven Halls.
             The game lasted 02:14:29 (40714 turns).

Maedhros the Unseen (Octopode Artificer)           Turns: 40714, Time: 02:14:30

Health: -6/166     AC: 35    Str: 19    XL:     19   Next: 30%
Magic:  28/37      EV: 24    Int: 21    God:    Fedhas [******]
Gold:   660        SH: 23    Dex: 27    Spells: 5/28 levels left

rFire    + . .     SeeInvis +   u - +2 demon trident (elec)
rCold    + . .     Gourm    .   H - +5 kite shield {AC+3}
rNeg     + . .     Faith    .   C - +2 hat {MR+}
rPois    ∞         Spirit   .   r - amulet "Fuhyweka" {Reflect Str+5 SH+3 Stlth-}
rElec    +         Reflect  +   N - ring of Ilemn {MP+9 Int+3 SInv}
rCorr    .         Harm     .   v - +4 ring of protection
MR       +++..                  a - ring of protection from fire
Stlth    +++++++...             R - ring of Koffeur {Wiz rC+ Str+2}
HPRegen  0.37/turn              U - ring of Limouch {MR+ Dex+2}
MPRegen  0.25/turn              z - +4 ring of dexterity
                                Z - +3 ring of evasion
                                j - +4 ring of intelligence

@: statue-form, very slow
A: almost no armour, stealthy swim, amphibious, 8 rings, constrict 8, tentacle
spike 1, camouflage 1, agile 1
}: 1/15 runes: gossamer
a: End Transformation, Wall of Briars, Grow Ballistomycete, Overgrow, Grow
Oklob, Renounce Religion


You were on level 3 of the Elven Halls.
You worshipped Fedhas.
Fedhas was exalted by your worship.
You were not hungry.
You were a stone statue.
You visited 7 branches of the dungeon, and saw 30 of its levels.
You also visited: Gauntlet.

You collected 4196 gold pieces.
You spent 3536 gold pieces at shops.

Inventory:

Hand Weapons
 h - the +5 trident of the Morning {venom, rPois rC++ Str+2 Int-5 Stlth+}
   (You found it on level 10 of the Dungeon)

   It poisons the flesh of those it strikes.
   It affects your strength (+2).
   It affects your intelligence (-5).
   It greatly protects you from cold.
   It protects you from poison.
   It makes you more stealthy.
 p - the +9 hunting sling "Biofypt" {freeze, rF++ Int+3}
   (You found it on level 4 of the Lair of Beasts)

   It causes projectiles fired from it to freeze those they strike, causing
   extra injury to most foes and up to half again as much damage against
   particularly susceptible opponents.
   They can also slow down cold-blooded creatures.
   It affects your intelligence (+3).
   It greatly protects you from fire.
 u - a +2 demon trident of electrocution (weapon)
Missiles
 m - 81 sling bullets
 n - 971 stones (quivered)
 Q - 4 throwing nets
Armour
 C - a +2 hat of magic resistance (worn)
 H - a +5 kite shield of protection (worn)
Jewellery
 a - a ring of protection from fire (on tentacle)
 d - an uncursed ring of protection from fire
 j - a +4 ring of intelligence (on tentacle)
 r - the amulet "Fuhyweka" (around mantle) {Reflect Str+5 SH+3 Stlth-}
   (You found it in a Gauntlet)

   [amulet of reflection]

   It shields you and reflects attacks.
   It affects your strength (+5).
   It affects your SH (+3).
   It makes you less stealthy.
 t - the amulet of Vitality {Regen+ HP+15}
   (You found it in a Gauntlet)

   [amulet of regeneration]

   It affects your health (+15).
   It increases your rate of regeneration.
 v - a +4 ring of protection (right tentacle)
 z - a +4 ring of dexterity (on tentacle)
 N - the ring of Ilemn (left tentacle) {MP+9 Int+3 SInv}
   (You found it on level 2 of the Elven Halls)

   [ring of magical power]

   It affects your intelligence (+3).
   It affects your magic capacity (+9).
   It lets you see invisible.
 R - the ring of Koffeur (on tentacle) {Wiz rC+ Str+2}
   (You found it on level 2 of the Elven Halls)

   [ring of wizardry]

   It improves your spell success rate.
   It affects your strength (+2).
   It protects you from cold.
 U - the ring of Limouch (on tentacle) {MR+ Dex+2}
   (You found it in a Gauntlet)

   [ring of protection from magic]

   It affects your dexterity (+2).
   It affects your resistance to hostile enchantments.
 Z - a +3 ring of evasion (on tentacle)
Wands
 s - a wand of flame (13)
 x - a wand of enslavement (10)
 y - a wand of disintegration (17)
 K - a wand of iceblast (16)
 Y - a wand of acid (5)
Scrolls
 b - a scroll of magic mapping
 e - a scroll of acquirement {unknown}
 D - 2 scrolls of enchant armour
 F - 4 scrolls of fog
 I - 4 scrolls of teleportation
 O - 4 scrolls of blinking
Potions
 c - 7 potions of haste
 g - 6 potions of might
 k - 5 potions of berserk rage
 l - 8 potions of curing
 o - 4 potions of magic
 q - 4 potions of brilliance {unknown}
 B - 5 potions of flight {unknown}
 E - 2 potions of resistance
 G - 6 potions of stabbing {unknown}
 J - 3 potions of cancellation {unknown}
 L - 6 potions of lignification
 S - 5 potions of ambrosia
 V - 4 potions of invisibility
Miscellaneous
 i - a tin of tremorstones
 M - a phial of floods
 P - a phantom mirror
 T - a lightning rod (4/4)
Comestibles
 f - 30 rations


   Skills:
 - Level 11.0 Fighting
   Level 1.0 Short Blades
 - Level 10.5 Polearms
 - Level 10.0 Slings
 - Level 8.4 Dodging
 - Level 15.2 Stealth
 + Level 13.9 Shields
 - Level 5.0 Spellcasting
 * Level 4.6 Summonings
 * Level 11.3 Transmutations
 * Level 11.3 Earth Magic
 - Level 13.1 Invocations
 - Level 10.0 Evocations


You had 5 spell levels left.
You knew the following spells:

 Your Spells              Type           Power        Failure   Level  Hunger
a - Statue Form           Tmut/Erth      ######...    7%          6    #######
b - Summon Forest         Summ/Tloc      ##........   45%         5    #####..
c - Aura of Abjuration    Summ           ###.......   21%         5    #####..
d - Leda's Liquefaction   Hex/Erth       ####......   4%          4    ####...
e - Mephitic Cloud        Conj/Pois/Air  #.......     14%         3    ##.....

Your spell library contained the following spells:

 Spells                   Type           Power        Failure   Level  Hunger
 Summon Butterflies       Summ           ###.....     1%          1    None
 Call Canine Familiar     Summ           ###.....     2%          3    ##.....
 Magic Dart               Conj           #...         4%          1    None
 Recall                   Summ/Tloc      N/A          6%          3    ##.....
 Poisonous Vapours        Pois/Air       #.....       8%          2    None
 Searing Ray              Conj           #.....       8%          2    None
 Irradiate                Conj/Tmut      ####......   13%         5    #####..
 Conjure Flame            Conj/Fire      #.......     14%         3    ##.....
 Dazzling Flash           Conj/Hex       #.....       14%         3    ##.....
 Static Discharge         Conj/Air       #.......     14%         3    ##.....
 Summon Ice Beast         Ice/Summ       ##......     19%         4    ####...
 Summon Demon             Summ           ###.......   21%         5    #####..
 Bolt of Magma            Conj/Fire/Erth ###.......   26%         5    #####..
 Fulminant Prism          Conj/Hex       #.........   41%         4    ####...
 Iskenderun's Mystic Bla  Conj/Tloc      #.......     41%         4    ####...
 Summon Mana Viper        Hex/Summ       ##......     45%         5    #####..
 Iskenderun's Battlesphe  Conj/Chrm      #.......     75%         5    #####..
 Hydra Form               Tmut           ######....   7%          6    #######
 Dragon Form              Tmut           ######....   34%         7    #######
 Iron Shot                Conj/Erth      ####......   56%         6    #######
 Shadow Creatures         Summ           N/A          69%         6    #######
 Freezing Cloud           Conj/Ice/Air   #.........   99%         6    #######
 Summon Hydra             Summ           ###.......   99%         7    #######
 Ring of Flames           Chrm/Fire      #.........   100%        7    #######
 Shatter                  Erth           ######....   100%        9    #######


Dungeon Overview and Level Annotations

Branches:
Dungeon (15/15)            Temple (1/1) D:5            Lair (4/6) D:9
  Swamp (1/4) Lair:3       Spider (4/4) Lair:4          Orc (2/2) D:10
    Elf (3/3) Orc:2        Vaults (0/5) D:14         Depths (0/5) D:15
Gauntlet (visited)

Altars:
Cheibriados
Fedhas
Gozag
Hepliaklqana
Kikubaaqudgha
Makhleb
Nemelex Xobeh
Okawaru
Qazlal
Ru
Uskayaw
Vehumet
Wu Jian
Xom
Yredelemnul
Beogh

Shops:
D:8 !   D:15 *!   Orc:2 [!:?!   Elf:1 =(}*   Elf:3 *(*[*

Portals:
Pandemonium: Orc:2

Annotations:
Elf:2 3 runed translucent doors, 2 transporters


Innate Abilities, Weirdness & Mutations

You cannot wear most types of armour.
You are very stealthy in the water. (Stealth+)
You are amphibious.
You can wear up to eight rings at the same time.
You can use your tentacles to constrict eight enemies at once.
Your skin changes colour to match your surroundings (Stealth+).
((Your rubbery body absorbs attacks. (AC +1, EV +1)))
One of your tentacles bears a spike.
You are agile. (Dex +2)


Message History

The splash of acid hits the earth elemental!
The earth elemental is splashed with acid.
Unknown command.
Unknown command.
Unknown command.
You puncture the deep elf elementalist!
You kill the deep elf elementalist!
Fedhas accepts your kill.
The earth elemental disappears in a puff of smoke! x5
The deep elf archer unwields a +0 short sword.
The deep elf archer wields a +0 longbow.
The deep elf archer shoots an arrow.
You reflect the arrow off an invisible shield around you!
The arrow hits the deep elf archer!!
The deep elf archer dies!
A deep elf high priest comes into view. It is wielding a +0 long sword.
The deep elf high priest calls down the wrath of its god upon you.
The sphere of damnation explodes!
The damnation engulfs you!!
You die...
Fedhas appreciates your contribution to the ecosystem.

,,**,,,,****,,,,,****,,,,**,,,*
***,,,,,,,....$,,,,,,,,,,,*****
***,,,,,,.#.e,*,,,,,,,***
****,,,e...,,,,,,****
****,,(e,,,**** ***#.#####
#.ee..# #)§§)§# #))8§.#
###.)§§.### #.....)...#
#.....P...# #....P...(# ######
#)........# ##....)
#.........######.....#
###.....).'...+.......
###.#####.###..(....


You could see a deep elf annihilator, 2 deep elf high priests and 2 friendly
oklob plants.

Vanquished Creatures
  Arachne (Spider:4)
  Rupert (Lair:3)
  A deep elf blademaster (Elf:3)
  Gastronok (Lair:2)
  Donald (Spider:1)
  The ghost of checkhovsblowgun the Warrior, an adept OpCK of Nemelex Xobeh (Elf:2)
  3 ghost moths
  3 emperor scorpions
  Aizul (Spider:1)
  4 deep elf sorcerers
  2 deep elf elementalists
  3 entropy weavers
  3 deep elf demonologists
  Nessos (Lair:4)
  3 deep elf annihilators
  6 spark wasps
  2 deep elf death magi (Elf:3)
  A fire dragon (D:14)
  Josephine (Lair:4)
  An ettin (D:15)
  2 ogre magi (D:15)
  A hydra (D:11)
  4 vault guards (D:14)
  A catoblepas (Lair:3)
  5 centaur warriors
  8 two-headed ogres
  A queen ant (Spider:1)
  21 dancing weapons
  Urug (D:11)
  8 orc high priests
  A tengu warrior (D:14)
  Sonja (D:10)
  23 deep elf knights
  A fire crab (Gauntlet)
  4 sixfirhies (Gauntlet)
  A small abomination (Elf:3)
  2 wizards
  2 torturous demonspawn (Orc:2)
  6 skeletal warriors
  7 orc knights
  60 deep elf magi
  17 deep elf archers
  7 orb spiders
  30 wolf spiders
  A moth of wrath (shapeshifter) (Elf:2)
  5 orc sorcerers
  2 manticores
  A moth of wrath (Spider:4)
  18 ugly things
  4 cyclopes
  2 black mambas
  3 spiny frogs
  2 gargoyles
  A rust devil (Orc:2)
  2 rime drakes
  5 hornets
  A komodo dragon (D:9)
  7 demonic crawlers
  A rime drake (shapeshifter) (Elf:1)
  2 ice devils (Orc:2)
  2 efreet
  2 tengu conjurers (D:14)
  A polar bear (Lair:4)
  6 trolls
  A queen bee (Lair:4)
  A tyrant leech (Swamp:1)
  3 meliai (Lair:4)
  Grinder (D:6)
  32 jumping spiders
  A raiju (shapeshifter) (Elf:2)
  11 hippogriffs
  16 blink frogs
  7 slime creatures
  A vampire (D:10)
  A tarantella (shapeshifter) (Elf:2)
  2 wyverns
  2 shadows
  5 flying skulls (Gauntlet)
  63 redbacks
  A spriggan (D:8)
  4 water elementals
  3 air elementals
  15 yaks
  30 tarantellas
  6 wraiths
  2 fire bats (Gauntlet)
  4 fire elementals
  2 humans (D:14)
  A hungry ghost (D:4)
  3 basilisks
  A chaos spawn (Orc:2)
  3 wargs
  3 insubstantial wisps (Swamp:1)
  4 acid dragons
  A hell hound (Gauntlet)
  11 water moccasins
  22 soldier ants
  7 porcupines
  27 orc warriors
  Duvessa (D:5)
  A sky beast (D:15)
  4 phantoms
  2 hornet zombies
  An eye of draining (D:11)
  2 boggarts (Elf:1)
  2 ice beasts
  10 ogres
  5 black bears
  An eye of draining (shapeshifter) (Elf:2)
  18 centaurs
  3 necrophages
  2 crocodiles (Lair:1)
  2 big kobolds
  3 earth elementals
  9 bullfrogs
  A wyvern zombie (D:13)
  2 water moccasin skeletons (D:6)
  5 scorpions
  Dowan (D:5)
  14 killer bees
  7 howler monkeys
  15 wights
  4 electric eels
  6 centaur zombies
  6 crimson imps
  4 bullfrog zombies
  A quasit (D:10)
  9 hounds
  2 jellies
  7 centaur skeletons
  21 orc priests
  7 bullfrog skeletons
  Terence (D:2)
  2 iguanas
  13 orc wizards
  33 worker ants
  A killer bee zombie (D:5)
  A hound zombie (D:10)
  A hound skeleton (D:6)
  A worker ant zombie (D:6)
  A howler monkey zombie (D:8)
  10 gnolls
  A howler monkey skeleton (D:6)
  11 adders
  5 shadow imps
  An ooze (D:9)
  2 adder zombies (D:6)
  3 adder skeletons
  2 worms
  2 dart slugs (D:1)
  9 leopard geckos
  93 orcs
  5 bats
  3 giant cockroaches
  2 gnoll zombies (D:6)
  2 goblins
  5 hobgoblins
  16 jackals
  3 quokkas
  A ball python (D:1)
  A ball python skeleton (D:6)
  A frilled lizard (D:2)
  A jackal skeleton (D:6)
  19 kobolds
  A leopard gecko skeleton (D:5)
  A leopard gecko zombie (D:7)
  2 quokka zombies (D:6)
  7 rats
  A fire vortex (Lair:3)
1061 creatures vanquished.

Vanquished Creatures (collateral kills)
  A deep elf master archer (Elf:3)
  A deep elf sorcerer (Elf:3)
  5 emperor scorpions (Spider:4)
  A deep elf elementalist (Elf:3)
  A deep elf demonologist (Elf:3)
  A death yak (shapeshifter) (Elf:2)
  A small abomination (Elf:3)
  A sun demon (Orc:2)
  A deep elf knight (Elf:1)
  2 sixfirhies
  4 deep elf archers
  7 deep elf magi
  4 orb spiders
  3 wolf spiders
  A moth of wrath (Elf:2)
  A salamander (shapeshifter) (Elf:2)
  An orc sorcerer (Orc:2)
  A torpor snail (shapeshifter) (Gauntlet)
  An apocalypse crab (Gauntlet)
  An eye of devastation (shapeshifter) (Gauntlet)
  A jumping spider (Spider:3)
  A hippogriff (D:11)
  An air elemental (Elf:1)
  3 flying skulls (Gauntlet)
  2 tarantellas (Spider:4)
  5 redbacks
  4 fire elementals
  2 yaks (D:11)
  2 fire bats (Gauntlet)
  A chaos spawn (Orc:2)
  A swamp worm (Lair:3)
  2 hell hounds (Gauntlet)
  A water moccasin (Lair:1)
  7 orc warriors (Orc:2)
  A bullfrog zombie (D:7)
  2 orc wizards (D:11)
  4 orc priests (Orc:2)
  An iguana (D:11)
  A worker ant zombie (D:6)
  An adder (shapeshifter) (Elf:2)
  4 gnolls
  An adder (D:11)
  10 orcs
  2 ballistomycete spores
  A crawling corpse (Elf:3)
100 creatures vanquished.

Vanquished Creatures (others)
  An alligator (Lair:3)
  A deep elf knight (Elf:3)
  3 deep elf archers
  A deep elf mage (Elf:1)
  2 air elementals (Elf:1)
  2 tarantellas (Spider:3)
  A sky beast (D:11)
  An orc warrior (Orc:2)
  An adder (D:5)
  A ballistomycete spore (Elf:1)
  5 fungi
  15 plants
  4 withered plants (Gauntlet)
38 creatures vanquished.

Grand Total: 1199 creatures vanquished

Notes
Turn   | Place    | Note
-------+----------+-------------------------------------------
     0 | D:1      | Maedhros the Octopode Artificer began the quest for the
                  | Orb.
     0 | D:1      | Reached XP level 1. HP: 13/13 MP: 3/3
    57 | D:1      | Reached skill level 2 in Stealth
    57 | D:1      | Reached XP level 2. HP: 8/18 MP: 4/4
  1065 | D:2      | Noticed a +0 hand axe
  1075 | D:2      | Noticed a +0 dagger
  1076 | D:2      | Found a hide-covered altar of Uskayaw.
  1171 | D:2      | Noticed Terence
  1469 | D:3      | Reached skill level 3 in Stealth
  1477 | D:3      | Reached XP level 3. HP: 12/23 MP: 5/5
  1806 | D:3      | Found an iron altar of Okawaru.
  1982 | D:4      | Reached skill level 4 in Stealth
  1982 | D:4      | Reached XP level 4. HP: 26/28 MP: 7/7
  2138 | D:4      | Reached XP level 5. HP: 18/33 MP: 8/8
  2403 | D:4      | Reached skill level 5 in Evocations
  2409 | D:4      | Reached skill level 5 in Stealth
  2425 | D:4      | Noticed a hungry ghost
  2456 | D:4      | Killed a hungry ghost
  2456 | D:4      | Reached skill level 6 in Stealth
  2456 | D:4      | Reached XP level 6. HP: 19/38 MP: 8/10
  2776 | D:5      | Entered Level 5 of the Dungeon
  2777 | D:5      | Reached skill level 7 in Stealth
  2777 | D:5      | Reached XP level 7. HP: 33/43 MP: 11/11
  2923 | D:5      | Reached skill level 8 in Stealth
  2951 | D:5      | Found a blossoming altar of Fedhas.
  3253 | D:5      | Found a staircase to the Ecumenical Temple.
  3289 | Temple   | Entered the Ecumenical Temple
  3349 | Temple   | Became a worshipper of Fedhas Madash
  3372 | D:5      | HP: 2/43 [gnoll/+0 spear (7)]
  3696 | D:2      | Reached XP level 8. HP: 48/48 MP: 13/13
  3763 | D:2      | Found an opulent altar of Gozag.
  3800 | D:2      | Found a hazy altar of Hepliaklqana.
  3801 | D:2      | Found a radiant altar of Vehumet.
  3801 | D:2      | Found a shimmering altar of Xom.
  4372 | D:2      | Killed Terence
  4372 | D:2      | Reached skill level 9 in Stealth
  4810 | D:3      | Found a stormy altar of Qazlal.
  5290 | D:5      | Reached * piety under Fedhas
  5921 | D:5      | Reached skill level 10 in Stealth
  6649 | D:6      | Reached ** piety under Fedhas
  6789 | D:6      | Noticed Grinder
  6796 | D:6      | Paralysed by Grinder for 6 turns
  6805 | D:6      | Paralysed by Grinder for 6 turns
  7044 | D:6      | Found a shimmering altar of Xom.
  7061 | D:6      | Reached skill level 11 in Stealth
  7061 | D:6      | Reached XP level 9. HP: 40/53 MP: 15/15
  7213 | D:6      | Killed Grinder
  7280 | D:6      | Found a basalt altar of Yredelemnul.
  7300 | D:6      | Found a sacrificial altar of Ru.
  7368 | D:6      | Noticed Dowan
  7376 | D:6      | Noticed Duvessa
  7943 | D:5      | Killed Dowan
  7944 | D:5      | Killed Duvessa
  8293 | D:7      | Reached skill level 10 in Evocations
  8312 | D:7      | Reached skill level 12 in Stealth
  8376 | D:7      | Reached *** piety under Fedhas
  8755 | D:7      | Gained mutation: You are robust. (+10% HP) [potion of
                  | mutation]
  8755 | D:7      | Gained mutation: You are agile. (Dex +2) [potion of
                  | mutation]
  8755 | D:7      | Gained mutation: You passively map a small area around you.
                  | [potion of mutation]
  8936 | D:8      | Noticed a two-headed ogre
  8948 | D:8      | Killed a two-headed ogre
  8948 | D:8      | Reached XP level 10. HP: 56/70 MP: 17/17
  9272 | D:8      | Found Nahel's Distillery.
  9286 | D:8      | Reached **** piety under Fedhas
  9303 | D:8      | Reached skill level 5 in Dodging
  9466 | D:8      | Bought a potion of might for 64 gold pieces
  9466 | D:8      | Bought a potion of invisibility for 128 gold pieces
  9589 | D:8      | Found a snail-covered altar of Cheibriados.
 10094 | D:8      | Reached skill level 5 in Invocations
 10278 | D:9      | Reached skill level 13 in Stealth
 10352 | D:9      | Found a staircase to the Lair.
 10567 | D:9      | Reached skill level 5 in Fighting
 10723 | D:9      | Noticed a two-headed ogre
 10729 | D:9      | Killed a two-headed ogre
 10729 | D:9      | Reached XP level 11. HP: 59/79 MP: 18/18
 11082 | D:10     | Entered Level 10 of the Dungeon
 11091 | D:10     | Noticed a two-headed ogre
 11105 | D:10     | Reached ***** piety under Fedhas
 11116 | D:10     | Killed a two-headed ogre
 11684 | D:10     | Reached skill level 1 in Slings
 12276 | D:10     | Noticed a cyclops
 12282 | D:10     | Killed a cyclops
 12369 | D:11     | Noticed Urug
 12377 | D:11     | Killed Urug
 12393 | D:11     | Reached skill level 14 in Stealth
 12408 | D:11     | Noticed a six-headed hydra
 12447 | D:11     | Killed a six-headed hydra
 12773 | D:11     | Reached XP level 12. HP: 62/88 MP: 19/19
 13104 | D:12     | Noticed a two-headed ogre
 13110 | D:12     | Killed a two-headed ogre
 13205 | D:12     | Reached skill level 5 in Slings
 13623 | Lair:1   | Entered Level 1 of the Lair of Beasts
 14237 | Lair:1   | Reached skill level 10 in Invocations
 15078 | Lair:1   | Reached ****** piety under Fedhas
 15207 | Lair:2   | Found a gate leading to a gauntlet.
 15218 | Gauntlet | Entered a Gauntlet
 15218 | Gauntlet | Found a transporter.
 15230 | Gauntlet | Found a transporter.
 15242 | Gauntlet | Found a transporter.
 15244 | Gauntlet | Found a large runed translucent door.
 15244 | Gauntlet | Found a large runed translucent door.
 15245 | Gauntlet | Found a large runed translucent door.
 15245 | Gauntlet | Found a large runed translucent door.
 15246 | Gauntlet | Found a large runed translucent door.
 15246 | Gauntlet | Found a large runed translucent door.
 15246 | Gauntlet | Found a runed translucent door.
 15246 | Gauntlet | Found a runed translucent door.
 15246 | Gauntlet | Found a large runed translucent door.
 15247 | Gauntlet | Found a transporter.
 15261 | Gauntlet | Noticed a ghost crab
 15262 | Gauntlet | Found a transporter.
 15277 | Gauntlet | Found a large runed translucent door.
 15278 | Gauntlet | Found a large runed translucent door.
 15279 | Gauntlet | Found a large runed translucent door.
 15279 | Gauntlet | Found a large runed translucent door.
 15280 | Gauntlet | Found a runed translucent gate.
 15281 | Gauntlet | Found a transporter.
 15281 | Gauntlet | Found a runed translucent gate.
 15282 | Gauntlet | Found a runed translucent gate.
 15283 | Gauntlet | Found a large runed translucent door.
 15283 | Gauntlet | Found a large runed translucent door.
 15284 | Gauntlet | Found a large runed translucent door.
 15285 | Gauntlet | Found a large runed translucent door.
 15293 | Gauntlet | Found a transporter.
 15295 | Gauntlet | Found the amulet of Vitality {Regen+ HP+15}
 15305 | Gauntlet | Found a transporter.
 15317 | Gauntlet | Found a transporter.
 15329 | Gauntlet | Found a transporter.
 15346 | Gauntlet | Found a transporter.
 15364 | Gauntlet | Found a transporter.
 15366 | Gauntlet | Found a transporter.
 15367 | Gauntlet | Noticed a death scarab
 15393 | Gauntlet | Found a transporter.
 15395 | Gauntlet | Found a transporter.
 15397 | Gauntlet | Found a transporter.
 15423 | Gauntlet | Found a transporter.
 15425 | Gauntlet | Found a transporter.
 15506 | Gauntlet | Got an ancient platinum amulet
 15524 | Gauntlet | Found a large runed translucent door.
 15722 | Gauntlet | Reached skill level 15 in Stealth
 15736 | Gauntlet | Got a scorched wooden ring
 15738 | Gauntlet | Identified the ring of Syir Gep {+Fly rF- Str-3 Dex+9
                  | Stlth+} (You found it in a Gauntlet)
 15798 | Gauntlet | Reached XP level 13. HP: 96/96 MP: 20/20
 15951 | Gauntlet | Got a smoking great sword
 15980 | Gauntlet | Got a pitted tin ring
 15981 | Gauntlet | Identified the ring of Limouch {MR+ Dex+2} (You found it in
                  | a Gauntlet)
 15987 | Gauntlet | Identified the amulet "Fuhyweka" {Reflect Str+5 SH+3
                  | Stlth-} (You found it in a Gauntlet)
 16507 | Lair:2   | Noticed Gastronok
 16528 | Lair:2   | Killed Gastronok
 16761 | Lair:2   | Reached skill level 1 in Shields
 17007 | Lair:3   | Noticed Rupert
 17275 | Lair:3   | Found a staircase to the Swamp.
 18211 | Lair:4   | Found a hole to the Spider Nest.
 18522 | Lair:4   | Noticed Nessos
 18530 | Lair:4   | Killed Nessos
 18708 | Lair:4   | Got a scorched hunting sling
 18709 | Lair:4   | Identified the +9 hunting sling "Biofypt" {freeze, rF++
                  | Int+3} (You found it on level 4 of the Lair of Beasts)
 19370 | D:10     | Noticed Sonja
 19416 | D:10     | Killed Sonja
 19497 | D:10     | Got a brightly glowing trident
 19498 | D:10     | Identified the +5 trident of the Morning {venom, rPois rC++
                  | Str+2 Int-5 Stlth+} (You found it on level 10 of the
                  | Dungeon)
 19568 | D:10     | Found a roughly hewn altar of Beogh.
 19568 | D:10     | Found a staircase to the Orcish Mines.
 19688 | D:10     | Reached skill level 1 in Polearms
 19939 | D:12     | Reached XP level 14. HP: 97/106 MP: 22/22
 19943 | D:12     | Reached skill level 5 in Shields
 21716 | D:14     | Reached skill level 10 in Slings
 22336 | D:14     | Reached skill level 5 in Polearms
 22620 | D:14     | Found a gate to the Vaults.
 22760 | D:14     | Reached XP level 15. HP: 113/113 MP: 24/24
 22793 | D:14     | Reached skill level 10 in Fighting
 23311 | D:15     | Entered Level 15 of the Dungeon
 23525 | D:15     | Found Reyxoule's Distillery.
 23531 | D:15     | Bought a potion of curing for 42 gold pieces
 23531 | D:15     | Bought a potion of heal wounds for 70 gold pieces
 23531 | D:15     | Bought a potion of might for 56 gold pieces
 23531 | D:15     | Bought a potion of haste for 140 gold pieces
 23531 | D:15     | Bought a potion of heal wounds for 70 gold pieces
 23531 | D:15     | Bought a potion of might for 56 gold pieces
 23771 | D:15     | Found a staircase to the Depths.
 23841 | D:15     | Found an ancient bone altar of Kikubaaqudgha.
 23843 | D:15     | Found Zischas's Mass Market.
 24440 | Orc:1    | Entered Level 1 of the Orcish Mines
 24466 | Orc:1    | Found a shimmering altar of Xom.
 24592 | Orc:2    | Entered Level 2 of the Orcish Mines
 24862 | Orc:2    | Found Edibyep's Distillery.
 24869 | Orc:2    | Found Ywkolyu's Magic Scroll Shop.
 25291 | Orc:2    | Found a staircase to the Elven Halls.
 25368 | Orc:2    | Found Qoidwiopt's Distillery.
 25627 | Orc:2    | Found Dicaitze's Antique Armour Shoppe.
 25627 | Orc:2    | Found Cashiwn's Book Emporium.
 25627 | Orc:2    | Found a one-way gate leading to the halls of Pandemonium.
 25856 | Orc:2    | Reached skill level 10 in Shields
 25865 | Orc:2    | Bought a book of Transfigurations for 715 gold pieces
 25872 | Orc:2    | Learned a level 6 spell: Statue Form
 26155 | Spider:1 | Entered Level 1 of the Spider Nest
 26204 | Spider:1 | Noticed Donald
 26227 | Spider:1 | Reached skill level 1 in Transmutations
 26227 | Spider:1 | Reached skill level 1 in Earth Magic
 26239 | Spider:1 | Reached skill level 1 in Spellcasting
 26264 | Spider:1 | Reached XP level 16. HP: 54/122 MP: 25/25
 26416 | Spider:1 | Killed Donald
 27104 | Spider:1 | Noticed Aizul
 27330 | Spider:1 | Noticed Josephine
 27801 | Lair:4   | Killed Josephine
 28107 | Spider:1 | Killed Aizul
 29406 | Spider:2 | Reached skill level 10 in Polearms
 29958 | Orc:2    | Bought a potion of heal wounds for 70 gold pieces
 29958 | Orc:2    | Bought 2 potions of curing for 84 gold pieces
 29958 | Orc:2    | Bought a potion of haste for 140 gold pieces
 29958 | Orc:2    | Bought a potion of curing for 42 gold pieces
 29958 | Orc:2    | Bought a potion of curing for 42 gold pieces
 29958 | Orc:2    | Bought a potion of heal wounds for 70 gold pieces
 29958 | Orc:2    | Bought a potion of invisibility for 112 gold pieces
 29989 | Orc:2    | Bought a potion of curing for 42 gold pieces
 29989 | Orc:2    | Bought a potion of resistance for 140 gold pieces
 29989 | Orc:2    | Bought a potion of curing for 42 gold pieces
 29989 | Orc:2    | Bought a potion of curing for 42 gold pieces
 29989 | Orc:2    | Bought a potion of curing for 42 gold pieces
 29989 | Orc:2    | Bought a potion of haste for 140 gold pieces
 30420 | Spider:2 | Reached skill level 5 in Earth Magic
 30438 | Spider:2 | Reached skill level 5 in Transmutations
 32026 | Spider:3 | Reached XP level 17. HP: 110/128 MP: 26/26
 32620 | Spider:4 | Entered Level 4 of the Spider Nest
 32697 | Spider:4 | Noticed Arachne
 32726 | Spider:4 | Killed Arachne
 34315 | Spider:4 | Got a gossamer rune of Zot
 34668 | Swamp:1  | Entered Level 1 of the Swamp
 34729 | Lair:3   | Killed Rupert
 34729 | Lair:3   | Reached skill level 5 in Spellcasting
 35058 | Elf:1    | Entered Level 1 of the Elven Halls
 35077 | Elf:1    | Found Suineoqe's General Store.
 35128 | Elf:1    | Found Rostog's Antique Weapon Shop.
 35754 | Elf:1    | HP: 1/128 [deep elf mage/bolt of lightning (30)]
 35792 | Elf:1    | Reached XP level 18. HP: 35/136 MP: 18/27
 36735 | Elf:1    | Found Tuelexiq's Jewellery Emporium.
 36741 | Elf:1    | Bought a +4 ring of protection for 540 gold pieces
 36745 | Elf:1    | Found Guecio's Gadget Boutique.
 36749 | Elf:1    | Bought a scroll of enchant weapon for 75 gold pieces
 36749 | Elf:1    | Bought a wand of iceblast (12) for 160 gold pieces
 36758 | Elf:1    | Identified the Grimoire of Confrontation
 36792 | Elf:1    | Reached skill level 10 in Earth Magic
 36799 | Elf:1    | Reached skill level 10 in Transmutations
 38237 | Elf:2    | Found a runed translucent gate.
 38237 | Elf:2    | Found a runed translucent gate.
 38243 | Elf:2    | Found a runed translucent gate.
 38257 | Elf:2    | Identified the +7 spear "Ysaroz" {vorpal, Dex+7}
 38565 | Orc:2    | Bought a scroll of blinking for 112 gold pieces
 38565 | Orc:2    | Bought a scroll of teleportation for 45 gold pieces
 38565 | Orc:2    | Bought a scroll of fog for 30 gold pieces
 38565 | Orc:2    | Bought 2 scrolls of enchant armour for 225 gold pieces
 39077 | Elf:2    | Found a transporter.
 39100 | Elf:2    | Found a transporter.
 39105 | Elf:2    | Noticed checkhovsblowgun's ghost (adept OpCK)
 39184 | Elf:2    | Killed checkhovsblowgun's ghost
 39195 | Elf:2    | Got a bound amber ring
 39197 | Elf:2    | Got a glittering tin ring
 39198 | Elf:2    | Identified the ring of Ilemn {MP+9 Int+3 SInv} (You found
                  | it on level 2 of the Elven Halls)
 39205 | Elf:2    | Identified the ring of Koffeur {Wiz rC+ Str+2} (You found
                  | it on level 2 of the Elven Halls)
 39214 | Elf:2    | Learned a level 5 spell: Summon Forest
 39220 | Elf:2    | Learned a level 5 spell: Aura of Abjuration
 39225 | Elf:2    | Learned a level 4 spell: Leda's Liquefaction
 39229 | Elf:2    | Learned a level 3 spell: Mephitic Cloud
 39359 | Elf:3    | Entered Level 3 of the Elven Halls
 39545 | Elf:3    | Reached skill level 1 in Summonings
 39609 | Elf:3    | Found Uhevvouwn's General Store.
 39623 | Elf:3    | Found Dimyc's General Store.
 39810 | Elf:3    | Found Xow Name's Antique Weapon Boutique.
 39826 | Elf:3    | Found Dyt Ojy's Antique Armour Boutique.
 40068 | Elf:3    | Reached XP level 19. HP: 140/140 MP: 28/28
 40097 | Elf:3    | Found Bamuevil's General Store.
 40475 | D:9      | Lost mutation: You are robust. (+10% HP) [potion of
                  | mutation]
 40475 | D:9      | Lost mutation: You are agile. (Dex +2) [potion of mutation]
 40475 | D:9      | Gained mutation: Your magical capacity is low. (-10% MP)
                  | [potion of mutation]
 40475 | D:9      | Gained mutation: You can translocate small distances at
                  | will. [potion of mutation]
 40476 | D:9      | Lost mutation: You can translocate small distances at will.
                  | [potion of mutation]
 40476 | D:9      | Lost mutation: Your magical capacity is low. (-10% MP)
                  | [potion of mutation]
 40476 | D:9      | Lost mutation: You passively map a small area around you.
                  | [potion of mutation]
 40476 | D:9      | Gained mutation: You are partially covered in rugged brown
                  | scales. (AC +1, +3% HP) [potion of mutation]
 40476 | D:9      | Gained mutation: You are partially covered in molten
                  | scales. (AC +2) [potion of mutation]
 40477 | D:9      | Lost mutation: You are partially covered in rugged brown
                  | scales. (AC +1, +3% HP) [potion of mutation]
 40477 | D:9      | Lost mutation: You are partially covered in molten scales.
                  | (AC +2) [potion of mutation]
 40477 | D:9      | Gained mutation: You have a pair of small antennae on your
                  | head. [potion of mutation]
 40477 | D:9      | Gained mutation: One of your tentacles bears a spike.
                  | [potion of mutation]
 40478 | D:9      | Lost mutation: One of your tentacles bears a spike. [potion
                  | of mutation]
 40478 | D:9      | Lost mutation: You have a pair of small antennae on your
                  | head. [potion of mutation]
 40478 | D:9      | Gained mutation: You are agile. (Dex +2) [potion of
                  | mutation]
 40478 | D:9      | Gained mutation: One of your tentacles bears a spike.
                  | [potion of mutation]
 40709 | Elf:3    | Noticed a Brimstone Fiend
 40712 | Elf:3    | HP: 1/166 [deep elf knight/stone arrow (41)]
 40714 | Elf:3    | Killed from afar by a deep elf high priest

Levels and vault maps discovered:
D:1:      lightli_arrival_farm, layout_loops_corners
D:2:      layout_rooms, grunt_gozag_statues,
          chequers_temple_overflow_statue_of_worship, dancing_weapons_uskayaw,
          first_ration, uniq_terence
D:3:      layout_loops_ring, grunt_qazlal_sundering, okawaru_metal_pillars_1_2
D:4:      cheibrodos_quashed, layout_cave_pools, minmay_misc_feat_columns
D:5:      layout_rooms, temple_green, basic_altar
D:6:      layout_rooms, lemuel_zombie_altar_yredelemnul,
          nicolae_overflow_crystal_walls, serial_undead, serial_undead_f,
          serial_undead_f, serial_undead_b, serial_undead_d, serial_undead_c,
          serial_undead_c, serial_undead_e, serial_undead_a, serial_undead_d,
          serial_undead_f, basic_altar, minmay_circle_x, uniq_grinder,
          uniq_duvessa
D:7:      layout_basic
D:8:      layout_basic, slow_altar_2, serial_shops, shop, the_bakery
D:9:      layout_cave_pools, david_lair_shrubbed
D:10:     layout_long_grid, david_orc_5, lightli_minifort, uniq_sonja
D:11:     layout_cave_pools, uniq_urug
D:12:     layout_small_grid
D:13:     layout_long_grid
D:14:     layout_small_grid, grunt_vaults_entry_fortified,
          hangedman_abyss_or_decor_passed
D:15:     hangedman_depths_entry_civil_slaughter, layout_rooms, minivault_27,
          serial_shops, shop, basic_altar, minmay_shop_mass
Temple:   nicolae_temple_figure_eight
Lair:1:   layout_long_grid, nzn_random_ring
Lair:2:   layout_regular_city, gauntlet_entry_generic, minivault_19,
          uniq_gastronok
Lair:3:   layout_gridlike, swamp_mist_pool, uniq_rupert
Lair:4:   layout_hall_layers, nicolae_spider_entry_tight_spaces, special_room
          [special_room_bee], uniq_nessos
Swamp:1:  layout_basic_swamp, evilmike_swamp_ruin_rubble_1
Spider:1: cheibrodos_forgotten_conduit, minivault_29, uniq_aizul,
          uniq_josephine, uniq_donald
Spider:2: layout_chambers
Spider:3: layout_spider_delve
Spider:4: grunt_spider_rune_circles, guppyfry_spider_mini_3, uniq_arachne
Orc:1:    layout_caves, basic_altar
Orc:2:    pf_orc_diabolical, layout_caves, serial_shops, shop
Elf:1:    minmay_the_grid_square_5x5_5x5
          [minmay_the_grid_square_5x5_three_walls,
          minmay_the_grid_square_5x5_dogpile, minmay_the_grid_square_5x5_inset,
          minmay_the_grid_square_5x5_three,
          minmay_the_grid_square_5x5_three_small,
          minmay_the_grid_square_5x5_six, minmay_the_grid_square_5x5_prize_gold,
          minmay_the_grid_square_5x5_shrine1,
          minmay_the_grid_square_5x5_prize_pseudospiral,
          minmay_the_grid_square_5x5_forky,
          minmay_the_grid_square_5x5_two_walls_a, minmay_the_grid_square_5x5_c,
          minmay_the_grid_square_5x5_prize_waves,
          minmay_the_grid_square_5x5_one_wall, minmay_the_grid_square_5x5_v,
          minmay_the_grid_square_5x5_two,
          minmay_the_grid_square_5x5_prize_rear_guard,
          minmay_the_grid_square_5x5_moneybag,
          minmay_the_grid_square_5x5_prize_monsterx,
          minmay_the_grid_square_5x5_fat_x, minmay_the_grid_square_5x5_detours,
          minmay_the_grid_square_5x5_two_walls_b,
          minmay_the_grid_square_5x5_half_checkered,
          minmay_the_grid_square_5x5_doubleslash,
          minmay_the_grid_square_5x5_inverted_slash], layout_loops_ring,
          serial_shops, shop, nicolae_shop_crystal, nicolae_shop_crystal,
          nicolae_shop_window_shopping, hangedman_elf_disciples
Elf:2:    layout_onion_city, gammafunk_ghost_berserking_beasts
Elf:3:    minmay_elf_hall_furrowed, layout_geoelf_grid, serial_glass,
          glass_columns_c, glass_columns_a, glass_columns_b, glass_columns_c,
          glass_columns_c, glass_columns_b, serial_shops, shop, shop,
          nicolae_shop_stone, shop, nicolae_shop_window_shopping, drop_trap

Skill      XL: |  1  2  3  4  5  6  7  8  9 10 11 12 13 14 15 16 17 18 19 |
---------------+----------------------------------------------------------+-----
Stealth        | 2 3 4 6 7 8 11 12 13 14 15 | 15.2
Evocations     | 4 5 6 7 9 10 | 10.0
Fighting       | 4 5 6 7 9 10 11 | 11.0
Dodging        | 4 5 7 8 |  8.4
Invocations    | 3 6 8 10 11 12 13 | 13.1
Slings         | 4 6 9 10 | 10.0
Shields        | 4 7 10 11 13 | 13.9
Polearms       | 1 6 8 10 | 10.5
Transmutations | 1 5 9 10 11 | 11.3
Earth Magic    | 1 5 9 10 11 | 11.3
Spellcasting   | 1 3 5 |  5.0
Summonings     | 2 4 |  4.6
Short Blades   | |  1.0

Action                   |  1- 3 |  4- 6 |  7- 9 | 10-12 | 13-15 | 16-18 | 19-21 || total
-------------------------+-------+-------+-------+-------+-------+-------+-------++-------
Melee: Short sword       |    55 |    42 |   339 |   415 |   167 |       |       ||  1018
       Constrict         |    19 |    12 |    80 |    82 |   157 |   275 |     9 ||   634
       Tentacles         |    13 |    15 |    83 |   144 |   445 |   605 |    19 ||  1324
       Dagger            |    10 |       |       |       |       |       |       ||    10
       Trident           |       |       |       |       |   982 |  1159 |       ||  2141
       Demon trident     |       |       |       |       |       |   258 |    70 ||   328
       Kick              |       |       |       |       |       |       |    14 ||    14
 Fire: Hunting sling     |       |       |       |    74 |   192 |   104 |       ||   370
Throw: Stone             |       |       |       |       |     1 |       |       ||     1
 Cast: Statue Form       |       |       |       |       |       |     5 |     2 ||     7
Invok: Overgrow          |       |       |       |     3 |     3 |     4 |       ||    10
       Grow Oklob        |       |       |       |       |       |     6 |     2 ||     8
       Wall of Briars    |       |       |       |       |       |     1 |       ||     1
Evoke: Wand              |     3 |    11 |    32 |    57 |    30 |    28 |     2 ||   163
  Use: Potion            |       |       |     2 |       |     4 |    25 |     5 ||    36
       Scroll            |       |       |     8 |    14 |    18 |    13 |       ||    53
 Stab: Sleeping          |     6 |     4 |    25 |    32 |    31 |    40 |     3 ||   141
       Paralysed         |       |       |     8 |    16 |     1 |     4 |       ||    29
       Confused          |       |       |     1 |       |     2 |     2 |       ||     5
       Distracted        |       |       |     3 |     2 |    20 |    37 |     2 ||    64
       Petrified         |       |       |       |     1 |       |       |       ||     1
       Held in net/web   |       |       |       |       |       |     1 |       ||     1
  Eat: Chunk             |     3 |     1 |    17 |    17 |    17 |     8 |     1 ||    64
       Ration            |       |     1 |     1 |     2 |     5 |    13 |     1 ||    23
Armor: Skin              |     7 |     7 |    89 |    44 |    82 |    75 |    24 ||   328
Dodge: Dodged            |    37 |    33 |   328 |   370 |   751 |   706 |    40 ||  2265
Block: Kite shield       |       |       |       |       |   701 |  1134 |    76 ||  1911
       Reflection        |       |       |       |       |       |    57 |     9 ||    66

Table legend:
 A = Non-vault XP
 B = Vault XP
 C = Vault XP percentage of total XP
 D = Non-vault monster count
 E = Vault monster count
 F = Vault count percentage of total count
                 A         B        C        D         E       F
            +---------+---------+-------+---------+---------+-------
      Total |  192528 |  149137 |  43.7 |     768 |     395 |  34.0
            +---------+---------+-------+---------+---------+-------
        D:1 |      25 |       0 |   0.0 |      15 |       0 |   0.0
        D:2 |      32 |      36 |  52.9 |      11 |       1 |   8.3
        D:3 |     102 |       0 |   0.0 |      25 |       0 |   0.0
        D:4 |     523 |       0 |   0.0 |      20 |       0 |   0.0
        D:5 |    1236 |     307 |  19.9 |      44 |       4 |   8.3
        D:6 |     347 |     946 |  73.2 |      17 |      24 |  58.5
        D:7 |     732 |       0 |   0.0 |      26 |       0 |   0.0
        D:8 |    2670 |     220 |   7.6 |      36 |       2 |   5.3
        D:9 |    2560 |     378 |  12.9 |      28 |       1 |   3.4
       D:10 |    3709 |    2753 |  42.6 |      27 |      24 |  47.1
       D:11 |    5253 |     851 |  13.9 |      41 |       1 |   2.4
       D:12 |    5181 |       0 |   0.0 |      42 |       0 |   0.0
       D:13 |   14437 |       0 |   0.0 |      46 |       0 |   0.0
       D:14 |   17633 |    7723 |  30.5 |      44 |      11 |  20.0
       D:15 |    2832 |    4558 |  61.7 |       9 |       5 |  35.7
     Lair:1 |    2600 |    3058 |  54.0 |      14 |      14 |  50.0
     Lair:2 |    1276 |    2203 |  63.3 |       6 |       1 |  14.3
     Lair:3 |    3568 |    1965 |  35.5 |      15 |       1 |   6.2
     Lair:4 |    4831 |    7953 |  62.2 |      19 |      33 |  63.5
    Swamp:1 |     796 |       0 |   0.0 |       4 |       0 |   0.0
   Spider:1 |   13046 |   15660 |  54.6 |      41 |      53 |  56.4
   Spider:2 |   15767 |       0 |   0.0 |      43 |       0 |   0.0
   Spider:3 |   16341 |     216 |   1.3 |      42 |       1 |   2.3
   Spider:4 |    7361 |   21922 |  74.9 |      18 |      44 |  71.0
      Orc:1 |     532 |       0 |   0.0 |       3 |       0 |   0.0
      Orc:2 |    2111 |   15841 |  88.2 |      28 |      64 |  69.6
      Elf:1 |   14326 |   33323 |  69.9 |      24 |      61 |  71.8
      Elf:2 |   22804 |    5359 |  19.0 |      34 |      11 |  24.4
      Elf:3 |   29897 |   16617 |  35.7 |      46 |      12 |  20.7
   Gauntlet |       0 |    7248 | 100.0 |       0 |      27 | 100.0
            +---------+---------+-------+---------+---------+-------
